General information
- name: BNet
- type: Ladder 1vs1/FFA
- host: Battle.net
- saver: VELOX_NEB
map: LostTemple
- players: 2
- length: 20:32
- speed: Fast
- version: 1.21 W3XP
- replay type: Public
» download(82 KB)
Players
team 1 (winner)
VELOX_NEB (
purple | 89 APM | 1837 actions | 20:32)
5 Tauren Chieftain
2 War Stomp
3 Endurance Aura
2 Blademaster
1 Wind Walk
1 Critical Strike
» actions
| Assign group hotkey | 25 | |
| Basic commands | 131 | |
| Build / train | 53 | |
| ESC pressed | 1 | |
| Enter build submenu | 24 | |
| Enter hero's abilities submenu | 7 | |
| Remove unit from queue | 1 | |
| Right click | 909 | |
| Select / deselect | 357 | |
| Select group hotkey | 228 | |
| Use ability | 101 | |
1837 total
» units
» upgrades
| Spiked Barricades | 1 | |
| Pillage | 1 | |
| Melee Weapons | 1 | |
| Berserker Strength | 1 | |
4 total
» buildings
| Altar of Storms | 1 | |
| Orc Burrow | 5 | |
| Barracks | 2 | |
| War Mill | 2 | |
| Great Hall | 3 | |
| Voodoo Lounge | 2 | |
| Watch Tower | 4 | |
| Stronghold | 1 | |
20 total
» build order
00:07 Altar of Storms
00:20 Orc Burrow
00:35 Barracks
02:24 War Mill
03:01 Great Hall
03:08 Voodoo Lounge
03:11 Orc Burrow
03:48 Watch Tower
05:06 Watch Tower
05:23 Barracks
06:21 Watch Tower
08:13 Stronghold
09:17 Orc Burrow
10:46 Orc Burrow
15:28 Great Hall
15:39 Great Hall
15:44 Watch Tower
15:53 War Mill
17:53 Voodoo Lounge
18:36 Orc Burrow
» items
| Healing Salve | 5 | |
| Lesser Clarity Potion | 3 | |
| Scroll of Speed | 2 | |
| Potion of Healing | 1 | |
| Potion of Mana | 1 | |
| Scroll of Town Portal | 1 | |
13 total
team 2 (loser)
Reaktor (
pink | 146 APM | 3001 actions | 20:31)
3 Archmage
2 Summon Water Elemental
1 Brilliance Aura
2 Mountain King
1 Storm Bolt
1 Thunder Clap
» actions
| Assign group hotkey | 43 | |
| Basic commands | 29 | |
| Build / train | 62 | |
| Enter build submenu | 23 | |
| Enter hero's abilities submenu | 6 | |
| Right click | 1616 | |
| Select / deselect | 493 | |
| Select group hotkey | 630 | |
| Use ability | 99 | |
3001 total
» units
| Peasant | 17 | |
| Footman | 21 | |
| Sorceress | 2 | |
40 total
» upgrades
» buildings
| Altar of Kings | 1 | |
| Farm | 9 | |
| Barracks | 2 | |
| Scout Tower | 8 | |
| Arcane Tower | 1 | |
| Lumber Mill | 2 | |
| Keep | 1 | |
| Guard Tower | 8 | |
| Arcane Vault | 1 | |
| Arcane Sanctum | 2 | |
35 total
» build order
00:05 Altar of Kings
00:20 Farm
00:23 Barracks
00:50 Farm
01:59 Scout Tower
02:02 Farm
02:36 Arcane Tower
03:10 Farm
03:43 Lumber Mill
03:55 Lumber Mill
04:32 Scout Tower
04:39 Keep
04:57 Farm
05:45 Scout Tower
05:56 Farm
06:34 Guard Tower
06:34 Guard Tower
06:37 Scout Tower
06:37 Scout Tower
07:05 Guard Tower
07:26 Guard Tower
07:29 Arcane Vault
08:00 Farm
09:20 Scout Tower
10:41 Scout Tower
10:44 Guard Tower
10:45 Scout Tower
10:59 Arcane Sanctum
11:02 Arcane Sanctum
11:15 Guard Tower
11:17 Barracks
11:47 Guard Tower
12:24 Farm
12:24 Farm
» items
| Scroll of Regeneration | 3 | |
| Lesser Clarity Potion | 1 | |
4 total
Chat log
(20:28 / All) Reaktor: GG
(20:30 / All) VELOX_NEB: gg